 Dungeon Crawl Stone Soup version 0.28-a0-1429-gf3d713df7a (webtiles) character file.

Game seed: 14487807251290258889

529 southernslant the Skirmisher (level 7, -7/43 (44) HPs)
             Began as a Gargoyle Gladiator on Jan 9, 2022.
             Was an Initiate of Yredelemnul.
             Mangled by a phantasmal warrior (17 damage)
             ... created by the anger of Yredelemnul
             ... on level 3 of the Dungeon.
             The game lasted 00:12:13 (4429 turns).

southernslant the Skirmisher (Gargoyle Gladiator)   Turns: 4429, Time: 00:12:14

HP:   -7/43 (44)    AC:  9    Str: 20    XL:     7   Next: 23%
MP:   7/7           EV: 12    Int:  8    God:    Yredelemnul [......]
Gold: 192           SH:  0    Dex: 11    Spells: 6/6 levels left

rFire   . . .      SeeInvis .   i - +2 flail (holy)
rCold   . . .      Faith    .   (no shield)
rNeg    + . .      Spirit   .   b - +0 leather armour
rPois   ∞          Reflect  .   c - +0 helmet
rElec   +          Harm     .   (no cloak)
rCorr   .          Rampage  .   (no gloves)
Will    .....                   (no boots)
Stlth   +.........              (no amulet)
HPRegen 0.14/turn               (no ring)
MPRegen 0.10/turn               (no ring)

@: lightly drained
A: sickness immunity, AC +4, negative energy resistance 1, electricity
resistance, torment resistance 1, petrification resistance
a: Renounce Religion, Recall Undead Harvest


You were on level 3 of the Dungeon.
You worshipped Yredelemnul.
Yredelemnul was noncommittal.
You visited 2 branches of the dungeon, and saw 5 of its levels.

You collected 192 gold pieces.

Inventory:

Hand Weapons
 a - a +0 trident
 i - a +2 flail of holy wrath (weapon)
 o - a +2 dagger of speed
 v - a +0 hunting sling
Missiles
 d - 2 throwing nets (quivered)
 h - 134 stones
 t - a javelin
Armour
 b - a +0 leather armour (worn)
 c - a +0 helmet (worn)
 s - a +0 scale mail of cold resistance
Wands
 m - a wand of digging (7)
 n - a wand of iceblast (4)
 q - a wand of polymorph (2)
Scrolls
 f - a scroll of holy word {unknown}
 g - a scroll of magic mapping {unknown}
 j - 4 scrolls of identify {unknown}
 u - a scroll of noise {unknown}
 w - a scroll of vulnerability {unknown}
Potions
 e - 2 potions of brilliance {unknown}
 k - a potion of degeneration {unknown}
 l - 2 potions of curing
 p - a potion of might {unknown}
 r - 2 potions of heal wounds {unknown}


   Skills:
 * Level 4.4 Fighting
 * Level 1.7 Maces & Flails
 - Level 3.2 Polearms
 + Level 2.9 Throwing
 * Level 3.7 Armour
 * Level 3.8 Dodging
 * Level 0.6 Invocations


You had 6 spell levels left.
You didn't know any spells.
Your spell library contained the following spells:

 Spells                   Type           Power      Damage    Failure   Level
 Foxfire                  Conj/Fire      0%         2x1d4     45%         1
 Conjure Flame            Conj/Fire      0%         6-21      83%         3
 Inner Flame              Hex/Fire       0%         N/A       83%         3
 Flame Wave               Conj/Fire      0%         2d4       99%         4


Dungeon Overview and Level Annotations

Branches:
Dungeon (4/15)             Temple (1/1) D:4

Altars:
Ashenzari
Cheibriados
Dithmenos
Elyvilon
Fedhas
Gozag
Hepliaklqana
Kikubaaqudgha
Okawaru
Ru
Sif Muna
Trog
Wu Jian
Yredelemnul
The Shining One
Jiyva

Shops:
D:4 *

Annotations:
D:3 3 runed translucent doors, AbsoluteStateOfPlay's ghost, amateur MiBe


Innate Abilities, Weirdness & Mutations

You are immune to sickness and miasma.
Your stone body is resilient. (AC +4)
You are immune to poison.
You resist negative energy. (rN+)
You are resistant to electric shocks. (rElec)
You are resistant to unholy torment.
You are immune to petrification.


Message History

You feel guilty. "You will pay for your transgression, mortal!"
Yredelemnul's anger turns toward you for a moment.
The bolt of negative energy hits you! You partially resist.
You feel drained.
You hit the necrophage but do no damage.
You punch the necrophage.
The necrophage is moderately damaged.
The necrophage closely misses you. The necrophage barely misses you.
You closely miss the necrophage.
The necrophage is moderately damaged.
The necrophage hits you.
You feel guilty. "You will pay for your transgression, mortal!"
Yredelemnul sends servants to punish you.
You sock the necrophage!
The necrophage convulses!
You destroy the necrophage!
A black mist starts to gather...
A phantasmal warrior comes into view.
Your life force feels restored.
Press: ? - help, v - describe, . - travel The floor.
You feel guilty. "You will pay for your transgression, mortal!"
Yredelemnul's anger turns toward you for a moment.
The bolt of negative energy hits you! You partially resist.
You feel drained.
You sock the phantasmal warrior!
The phantasmal warrior convulses.
The phantasmal warrior is moderately damaged.
The phantasmal warrior barely misses you.
You feel guilty. "You will pay for your transgression, mortal!"
Yredelemnul sends servants to punish you.
You hit the phantasmal warrior.
The phantasmal warrior convulses.
The phantasmal warrior is heavily damaged.
A vampire comes into view.
Something hits you!
* * * LOW HITPOINT WARNING * * *
Deactivating autopickup; reactivate with Ctrl-A.
The phantasmal warrior hits you!
You die...
Your body rises from the dead as a mindless zombie.

#...........##.#######)##.##.#
#.........#.##.##......##.##.#
#.....)...#.##.##.....#####...
#..............##....##.KK##..
#.P.......#.#####<..##.#K#K#..
#.........#.####....#...#KK+..
#............##.....#....KW+..
##..........#.#W.....#...#..+..
#...#########Z@......##.#.#.#..
#)### #.#.......##.⌠.##.. ###.#
#.##V......#####... ....#
#..).....##..# #### ##.##
###.###..##..# ## ##.# #######
#.# #......# ##. .#.# #.....#
#.###..##.## #.# .#.# #..##.#
##...#.##.# #.# #######.##.#
#.......)# #.#


You could see a phantasmal warrior (ally target), a vampire and a friendly
necrophage zombie.

Vanquished Creatures
  2 black bears
  A necrophage (D:3)
  A jelly (D:3)
  A hound (D:4)
  Ijyb (D:3)
  A centaur skeleton (D:4)
  4 gnolls (D:3)
  3 adders
  6 orcs (D:3)
  3 ball pythons
  11 endoplasms
  2 giant cockroaches
  9 goblins
  7 hobgoblins
  7 jackals
  5 quokkas
  6 bats
  4 frilled lizards
  6 kobolds
  5 rats
85 creatures vanquished.

Vanquished Creatures (others)
  15 plants (D:3)
15 creatures vanquished.

Grand Total: 100 creatures vanquished

Notes
Turn   | Place    | Note
-------+----------+-------------------------------------------
     0 | D:1      | southernslant the Gargoyle Gladiator began the quest for
                  | the Orb.
     0 | D:1      | Reached XP level 1. HP: 12/12 MP: 1/1
    95 | D:1      | Reached XP level 2. HP: 5/18 MP: 2/2
   476 | D:1      | Reached skill level 1 in Armour
   709 | D:1      | Reached XP level 3. HP: 21/22 MP: 3/3
   816 | D:1      | Found a faded altar of an unknown god.
  2056 | D:3      | Reached XP level 4. HP: 21/27 MP: 4/4
  2171 | D:3      | Noticed a black bear
  2185 | D:3      | Killed a black bear
  2186 | D:3      | Reached skill level 3 in Fighting
  2186 | D:3      | Reached XP level 5. HP: 7/32 MP: 5/5
  2446 | D:3      | Found an opulent altar of Gozag.
  2604 | D:3      | Reached XP level 6. HP: 38/38 MP: 6/6
  2614 | D:3      | Found a blossoming altar of Fedhas.
  2932 | D:3      | Found a shadowy altar of Dithmenos.
  3008 | D:3      | Noticed Ijyb
  3009 | D:3      | Found a runed translucent gate.
  3009 | D:3      | Found a runed translucent gate.
  3009 | D:3      | Found a runed translucent gate.
  3009 | D:3      | Noticed AbsoluteStateOfPlay's ghost (amateur MiBe)
  3071 | D:3      | Killed Ijyb
  3512 | D:4      | Noticed a black bear
  3525 | D:4      | Killed a black bear
  3526 | D:4      | Reached skill level 4 in Fighting
  3526 | D:4      | Reached skill level 1 in Maces & Flails
  3748 | D:4      | Found Oruasch's Neck Hole.
  3764 | D:4      | Found a staircase to the Ecumenical Temple.
  3845 | Temple   | Entered the Ecumenical Temple
  4327 | D:4      | Found a basalt altar of Yredelemnul.
  4333 | D:4      | Reached XP level 7. HP: 43/43 MP: 7/7
  4334 | D:4      | Became a worshipper of Yredelemnul the Dark
  4427 | D:3      | Noticed a phantasmal warrior
  4429 | D:3      | Noticed a vampire
  4429 | D:3      | Mangled by a phantasmal warrior

Illustrated notes

Levels and vault maps discovered:
D:1:      minmay_arrival_shoal_huts, layout_basic,
          shapermc_ecumenical_altar_pompeii, chequers_serial_rivers_large_b,
          minmay_pentomino_o2
D:2:      layout_basic
D:3:      layout_loops_cross, lemuel_tele_altar, mainiacjoe_overflow_paths,
          grunt_dithmenos_smoke, gammafunk_ghost_nasty_kobolds,
          nicolae_grassy_gnolls, uniq_ijyb
D:4:      layout_loops_cross, marbit_many_paths, minmay_temple_entry_tees,
          nicolae_shop_sticking_my_neck_out
Temple:   pf_slime_end_temple

Skill      XL: |  1  2  3  4  5  6 |
---------------+-------------------+-----
Armour         | 1 2 3 |  3.7
Throwing       | 2 |  2.9
Fighting       | 3 4 |  4.4
Polearms       | 3 |  3.2
Dodging        | 3 |  3.8
Maces & Flails | 1 |  1.7
Invocations    | |  0.6

Action                   |  1- 3 |  4- 6 |  7- 9 || total
-------------------------+-------+-------+-------++-------
Melee: Trident           |   152 |    27 |       ||   179
       Punch             |     1 |       |     1 ||     2
       Flail             |       |    89 |     6 ||    95
Throw: Javelin           |       |    10 |       ||    10
       Throwing net      |       |     2 |       ||     2
Invok: Recall Undead Har |       |       |     1 ||     1
 Stab: Sleeping          |     1 |     1 |       ||     2
Armor: Leather armour    |    38 |    48 |       ||    86
       Skin              |       |     7 |       ||     7
Dodge: Dodged            |    84 |    95 |     7 ||   186

Table legend: (Time is in decaauts)
 A = Elapsed time spent in this place.
 B = Non-inter-level travel time spent in this place.
 C = Inter-level travel time spent in this place.
 D = Time resting spent in this place.
 E = Time spent auto-exploring this place.
 F = Levels seen in this place.
 G = Mean time per level.
                   A        B        C        D        E       F      G
               +--------+--------+--------+--------+--------+-----+--------+
         Total |   4512 |   4437 |     75 |      0 |   3547 |   5 |  902.4 |
       Dungeon |   4357 |   4282 |     75 |      0 |   3431 |   4 | 1089.2 |
        Temple |    154 |    154 |      0 |      0 |    116 |   1 |  154.0 |
               +--------+--------+--------+--------+--------+-----+--------+

Top non-repeatable levels by time:
     D:3: 1506 daAuts
     D:1: 1387 daAuts
     D:4: 868 daAuts
     D:2: 595 daAuts
  Temple: 154 daAuts
